SNL (28 & UNDER)
BLACKIRON DRAGONS @ MONTGOMERY BISCUITS
05/27/2026
 
TOP OF THE 1ST
BlackIron Dragons batting - Pitching for Montgomery Biscuits : LHP Trevor Nichols
Pitching: LHP Trevor Nichols
Batting: RHB José Colón 0-0: Ball
1-0: Called Strike
1-1: Called Strike
1-2: Strikes out swinging
Batting: RHB Boyd Pittman 0-0: Foul Ball, location: 2F
0-1: SINGLE (Line Drive, 6D)
Batting: LHB Manuel Cardenas 0-0: Ball
1-0: Ball
2-0: Foul Ball, location: 2F
2-1: Swinging Strike
2-2: Ball
3-2: Strikes out swinging
Boyd Pittman steals 2nd base
Batter strikes out.
Batting: RHB Gil Palmer 0-0: Called Strike
0-1: Ball
1-1: Ball
2-1: Foul Ball, location: 2F
2-2: Foul Ball, location: 2F
2-2: Strikes out swinging
Top of the 1st over - 0 run(s), 1 hit(s), 0 error(s), 1 left on base; BlackIron 0 - Montgomery 0
BOTTOM OF THE 1ST
Montgomery Biscuits batting - Pitching for BlackIron Dragons : RHP Augusto Méndez
Pitching: RHP Augusto Méndez
Batting: RHB Carlos Vásquez 0-0: Ball
1-0: Foul Ball, location: 2F
1-1: Swinging Strike
1-2: Ball
2-2: Ball
3-2: TRIPLE (Groundball, 3L)
Batting: SHB Jack Estes 0-0: Foul Ball, location: 2F
0-1: Fly out, F9 (Flyball, 9M)
Runner from 3rd tags up, SCORES, no throw
Batting: RHB Yujiro Kurihara 0-0: Ball
1-0: Ball
2-0: Foul Ball, location: 2F
2-1: Swinging Strike
2-2: Ball
3-2: Base on Balls
Batting: RHB Pete Smith 0-0: Ball
1-0: Foul Ball, location: 2F
1-1: Called Strike
1-2: Foul Ball, location: 2F
1-2: Ball
2-2: Hit by Pitch
Yujiro Kurihara to second
Batting: RHB Juan Díaz 0-0: Ball
1-0: Swinging Strike
1-1: Ball
2-1: Foul Ball, location: 2F
2-2: SINGLE (Line Drive, 7S)
Yujiro Kurihara to third
Pete Smith to second
Runner from 3rd tries for Home, SAFE, throw made home
Pete Smith to third
Juan Díaz to second
Batting: LHB Curt Walker 0-0: Called Strike
0-1: Ground out 6-3 (Groundball, 56S)
Pete Smith scores
Juan Díaz to third
Batting: RHB Peyton Yardley 0-0: SINGLE (Groundball, 56D)
Juan Díaz scores
Batting: LHB Brian MacIntosh 0-0: Ball
1-0: Called Strike
1-1: Foul Ball, location: 2F
1-2: Ball
2-2: Strikes out swinging
Bottom of the 1st over - 4 run(s), 3 hit(s), 0 error(s), 1 left on base; BlackIron 0 - Montgomery 4
TOP OF THE 2ND
BlackIron Dragons batting - Pitching for Montgomery Biscuits : LHP Trevor Nichols
Batting: LHB Culley Vaughan 0-0: Ball
1-0: Ball
2-0: Ball
3-0: Called Strike
3-1: Called Strike
3-2: Base on Balls
Batting: RHB Frank Maxwell 0-0: Fly out, F1 (Line Drive, 13)
Batting: RHB Mark Arnold 0-0: Ball
1-0: Called Strike
1-1: Ball
2-1: Foul Ball, location: 2F
2-2: Strikes out looking
Batting: RHB Preston MacLyan 0-0: Called Strike
0-1: Foul Ball, location: 2F
0-2: Ball
1-2: Strikes out swinging
Top of the 2nd over - 0 run(s), 0 hit(s), 0 error(s), 1 left on base; BlackIron 0 - Montgomery 4
BOTTOM OF THE 2ND
Montgomery Biscuits batting - Pitching for BlackIron Dragons : RHP Augusto Méndez
Batting: SHB Tony Echevarría 0-0: Called Strike
0-1: Foul Ball, location: 2F
0-2: Foul Ball, location: 2F
0-2: Strikes out swinging
Batting: RHB Carlos Vásquez 0-0: Ball
1-0: Called Strike
1-1: Foul Ball, location: 2F
1-2: Ball
2-2: Ground out 3-1 (Groundball, 34)
Batting: SHB Jack Estes 0-0: Called Strike
0-1: Called Strike
0-2: Ball
1-2: Ground out 4-3 (Groundball, 34)
Bottom of the 2nd over - 0 run(s), 0 hit(s), 0 error(s), 0 left on base; BlackIron 0 - Montgomery 4
TOP OF THE 3RD
BlackIron Dragons batting - Pitching for Montgomery Biscuits : LHP Trevor Nichols
Batting: RHB Doug O'Brien 0-0: Called Strike
0-1: Ball
1-1: Ball
2-1: Foul Ball, location: 2F
2-2: SINGLE (Groundball, 6MD)
Batting: RHB José Colón 0-0: Foul Ball, location: 2F
0-1: Ball
1-1: Ball
2-1: Ball
3-1: Base on Balls
Doug O'Brien to second
Batting: RHB Boyd Pittman 0-0: Ball
1-0: Swinging Strike
1-1: Called Strike
1-2: Strikes out swinging
Batting: LHB Manuel Cardenas 0-0: Foul Ball, location: 2F
0-1: Called Strike
0-2: Strikes out looking
Batting: RHB Gil Palmer 0-0: Ball
1-0: Ball
2-0: SINGLE (Line Drive, 89M)
Doug O'Brien to third
José Colón to second
Batting: LHB Culley Vaughan 0-0: Ball
1-0: Fly out, F9 (Flyball, 89M)
Top of the 3rd over - 0 run(s), 2 hit(s), 0 error(s), 3 left on base; BlackIron 0 - Montgomery 4
BOTTOM OF THE 3RD
Montgomery Biscuits batting - Pitching for BlackIron Dragons : RHP Augusto Méndez
Batting: RHB Yujiro Kurihara 0-0: Ball
1-0: Ball
2-0: Ball
3-0: Called Strike
3-1: Called Strike
3-2: Base on Balls
Batting: RHB Pete Smith 0-0: Ball
1-0: Swinging Strike
1-1: Ball
Passed Ball!
Yujiro Kurihara to second
2-1: Fly out, F7 (Line Drive, 7M)
Batting: RHB Juan Díaz 0-0: Foul Ball, location: 2F
0-1: Swinging Strike
0-2: Foul Ball, location: 2F
0-2: Strikes out looking
Batting: LHB Curt Walker 0-0: Fly out, F1 (Line Drive, 15)
Bottom of the 3rd over - 0 run(s), 0 hit(s), 0 error(s), 1 left on base; BlackIron 0 - Montgomery 4
TOP OF THE 4TH
BlackIron Dragons batting - Pitching for Montgomery Biscuits : LHP Trevor Nichols
Batting: RHB Frank Maxwell 0-0: Swinging Strike
0-1: Ball
1-1: Ball
2-1: Ball
3-1: Base on Balls
Batting: RHB Mark Arnold 0-0: Fly out, F8 (Flyball, 8LM)
Batting: RHB Preston MacLyan 0-0: Called Strike
0-1: Called Strike
0-2: Foul Ball, location: 2F
0-2: SINGLE (Groundball, 56D)
Frank Maxwell to second
Batting: RHB Doug O'Brien 0-0: Ball
1-0: Ball
Wild Pitch!
Frank Maxwell to third
Preston MacLyan to second
2-0: Ball
3-0: Hit by Pitch
Batting: RHB José Colón 0-0: Called Strike
0-1: SINGLE (Line Drive, 6MD)
Frank Maxwell scores
Preston MacLyan to third
Doug O'Brien to second
Runner from 3rd tries for Home, SAFE, no throw or cutoff
Batting: RHB Boyd Pittman 0-0: Ball
1-0: Foul Ball, location: 2F
1-1: Ball
2-1: Ball
3-1: Swinging Strike
3-2: Fly out, F7 (Flyball, 7M)
Pitching: LHP Tony García
Batting: LHB Manuel Cardenas 0-0: Called Strike
0-1: Foul Ball, location: 2F
0-2: Foul Ball, location: 2F
0-2: Strikes out looking
Top of the 4th over - 2 run(s), 2 hit(s), 0 error(s), 2 left on base; BlackIron 2 - Montgomery 4
BOTTOM OF THE 4TH
Montgomery Biscuits batting - Pitching for BlackIron Dragons : RHP Augusto Méndez
Batting: RHB Peyton Yardley 0-0: Foul Ball, location: 2F
0-1: Foul Ball, location: 2F
0-2: Ball
1-2: Ball
2-2: Ball
3-2: Foul Ball, location: 2F
3-2: Base on Balls
Batting: LHB Brian MacIntosh 0-0: Fly out, F8 (Flyball, 8RD)
Batting: SHB Tony Echevarría 0-0: Ball
Peyton Yardley is caught stealing 2nd base
1-0: Ground out 3-6 (Groundball, 3S)
Bottom of the 4th over - 0 run(s), 0 hit(s), 0 error(s), 0 left on base; BlackIron 2 - Montgomery 4
TOP OF THE 5TH
BlackIron Dragons batting - Pitching for Montgomery Biscuits : LHP Tony García
Batting: RHB Gil Palmer 0-0: Ball
1-0: SINGLE (Groundball, 6MD)
Batting: LHB Culley Vaughan 0-0: Foul Ball, location: 2F
0-1: Ball
1-1: Foul Ball, location: 2F
1-2: Foul Ball, location: 2F
1-2: Strikes out swinging
Batting: RHB Frank Maxwell 0-0: Ball
Gil Palmer is caught stealing 2nd base
1-0: Ball
2-0: Ground out 5-3 (Groundball, 5)
Top of the 5th over - 0 run(s), 1 hit(s), 0 error(s), 0 left on base; BlackIron 2 - Montgomery 4
BOTTOM OF THE 5TH
Montgomery Biscuits batting - Pitching for BlackIron Dragons : RHP Augusto Méndez
Batting: RHB Carlos Vásquez 0-0: Ground out 4-3 (Groundball, 4M)
Batting: SHB Jack Estes 0-0: Foul Ball, location: 2F
0-1: Ball
1-1: Foul Ball, location: 2F
1-2: Ball
2-2: Ball
3-2: Ground out 6-3 (Groundball, 6M)
Batting: RHB Yujiro Kurihara 0-0: Ball
1-0: DOUBLE (Line Drive, 78M)
Batting: RHB Pete Smith 0-0: 2-RUN HOME RUN (Flyball, 7D), Distance : 388 ft
Batting: RHB Juan Díaz 0-0: Ball
1-0: Swinging Strike
1-1: DOUBLE (Groundball, 5L)
Batting: LHB Curt Walker 0-0: Ball
1-0: Ball
2-0: Called Strike
2-1: Ground out U3 (Groundball, 3)
Bottom of the 5th over - 2 run(s), 3 hit(s), 0 error(s), 1 left on base; BlackIron 2 - Montgomery 6
TOP OF THE 6TH
BlackIron Dragons batting - Pitching for Montgomery Biscuits : LHP Tony García
Batting: RHB Mark Arnold 0-0: Called Strike
0-1: Ball
1-1: Foul Ball, location: 2F
1-2: Fly out, F9 (Flyball, 89D)
Batting: RHB Preston MacLyan 0-0: Ball
1-0: Called Strike
1-1: Ground out 5-3 (Groundball, 5)
Batting: RHB Doug O'Brien 0-0: Hit by Pitch
Batting: RHB José Colón 0-0: Ball
1-0: Fly out, F7 (Flyball, 7S)
Top of the 6th over - 0 run(s), 0 hit(s), 0 error(s), 1 left on base; BlackIron 2 - Montgomery 6
BOTTOM OF THE 6TH
Montgomery Biscuits batting - Pitching for BlackIron Dragons : RHP Augusto Méndez
Pitching: LHP Ben Newman
Batting: RHB Peyton Yardley 0-0: Ball
1-0: Called Strike
1-1: Ball
2-1: Swinging Strike
2-2: Foul Ball, location: 2F
2-2: Foul Ball, location: 2F
2-2: Ball
3-2: Strikes out swinging
Batting: LHB Brian MacIntosh 0-0: Ball
1-0: Foul Ball, location: 2F
1-1: SINGLE (Line Drive, 34)
Batting: SHB Tony Echevarría 0-0: Ball
1-0: Ball
2-0: Foul Ball, location: 2F
2-1: Ball
3-1: Foul Ball, location: 2F
3-2: Foul Ball, location: 2F
3-2: 2-RUN HOME RUN (Flyball, 78XD), Distance : 421 ft
Batting: RHB Carlos Vásquez 0-0: Ball
1-0: Ball
2-0: Called Strike
2-1: Ball
3-1: Foul Ball, location: 2F
3-2: Foul Ball, location: 2F
3-2: Base on Balls
Batting: SHB Jack Estes 0-0: Ball
1-0: Foul Ball, location: 2F
1-1: SINGLE (Line Drive, 7S)
Carlos Vásquez to second
Batting: RHB Yujiro Kurihara 0-0: Called Strike
0-1: Foul Ball, location: 2F
0-2: Strikes out looking
Batting: RHB Pete Smith 0-0: Ball
1-0: Ball
2-0: Called Strike
2-1: Ball
3-1: Base on Balls
Carlos Vásquez to third
Jack Estes to second
Batting: RHB Juan Díaz 0-0: Foul Ball, location: 2F
0-1: Ball
1-1: Ball
2-1: Ball
3-1: Base on Balls
Carlos Vásquez scores
Jack Estes to third
Pete Smith to second
Batting: LHB Curt Walker 0-0: SINGLE (Line Drive, 7S)
Jack Estes scores
Pete Smith to third
Juan Díaz to second
Runner from 3rd tries for Home, SAFE, no throw or cutoff
Pitching: RHP Raúl Durán
Batting: RHB Peyton Yardley 0-0: Called Strike
0-1: SINGLE (Groundball, 34) (infield hit)
Juan Díaz to third
Curt Walker to second
Batting: LHB Brian MacIntosh 0-0: Called Strike
0-1: Ball
1-1: Ball
2-1: Ball
3-1: Foul Ball, location: 2F
3-2: Strikes out looking
Bottom of the 6th over - 5 run(s), 5 hit(s), 0 error(s), 3 left on base; BlackIron 2 - Montgomery 11
TOP OF THE 7TH
BlackIron Dragons batting - Pitching for Montgomery Biscuits : LHP Tony García
Pitching: RHP Jorge Villalobos
Batting: RHB Boyd Pittman 0-0: Called Strike
0-1: Ball
1-1: Ball
2-1: Called Strike
2-2: Ball
3-2: Fly out, F8 (Flyball, 8RM)
Batting: LHB Manuel Cardenas 0-0: Called Strike
0-1: Called Strike
0-2: Foul Ball, location: 2F
0-2: Ball
1-2: Foul Ball, location: 2F
1-2: Ball
2-2: Foul Ball, location: 2F
2-2: Ball
3-2: Strikes out swinging
Batting: RHB Gil Palmer 0-0: Ball
1-0: Foul Ball, location: 2F
1-1: Ball
2-1: Swinging Strike
2-2: Ball
3-2: SOLO HOME RUN (Flyball, 78XD), Distance : 420 ft
Batting: LHB Culley Vaughan 0-0: Ball
1-0: Foul Ball, location: 2F
1-1: Foul Ball, location: 2F
1-2: Strikes out looking
Top of the 7th over - 1 run(s), 1 hit(s), 0 error(s), 0 left on base; BlackIron 3 - Montgomery 11
BOTTOM OF THE 7TH
Montgomery Biscuits batting - Pitching for BlackIron Dragons : RHP Raúl Durán
Batting: SHB Tony Echevarría 0-0: Ball
1-0: Ground out 6-3 (Groundball, 6MS)
Batting: RHB Carlos Vásquez 0-0: Ball
1-0: Fly out, F7 (Line Drive, 7M)
Batting: SHB Jack Estes 0-0: Called Strike
0-1: Swinging Strike
0-2: Strikes out swinging
Bottom of the 7th over - 0 run(s), 0 hit(s), 0 error(s), 0 left on base; BlackIron 3 - Montgomery 11
TOP OF THE 8TH
BlackIron Dragons batting - Pitching for Montgomery Biscuits : RHP Jorge Villalobos
Now at 2B: Dave Williams
Pinch Hitting: LHB Chris Waggoner 0-0: Called Strike
0-1: Foul Ball, location: 2F
0-2: Ball
1-2: Ball
2-2: Foul Ball, location: 2F
2-2: Strikes out swinging
Batting: RHB Mark Arnold 0-0: Ball
1-0: Ball
2-0: Called Strike
2-1: Ball
3-1: Foul Ball, location: 2F
3-2: Strikes out swinging
Batting: RHB Preston MacLyan 0-0: Ball
1-0: Called Strike
1-1: Called Strike
1-2: Strikes out swinging
Top of the 8th over - 0 run(s), 0 hit(s), 0 error(s), 0 left on base; BlackIron 3 - Montgomery 11
BOTTOM OF THE 8TH
Montgomery Biscuits batting - Pitching for BlackIron Dragons : RHP Raúl Durán
Now in LF: Chris Waggoner
Batting: RHB Yujiro Kurihara 0-0: Called Strike
0-1: Ball
1-1: Called Strike
1-2: Foul Ball, location: 2F
1-2: Ball
2-2: Ball
3-2: Base on Balls
Batting: RHB Pete Smith 0-0: Ball
1-0: Called Strike
1-1: Foul Ball, location: 2F
1-2: Ball
2-2: Foul Ball, location: 2F
2-2: Strikes out swinging
Batting: RHB Juan Díaz 0-0: Foul Ball, location: 2F
0-1: Ball
1-1: Called Strike
1-2: Strikes out looking
Batting: LHB Curt Walker 0-0: Ball
1-0: Swinging Strike
1-1: Foul Ball, location: 2F
1-2: Fly out, F8 (Line Drive, 8RM)
Bottom of the 8th over - 0 run(s), 0 hit(s), 0 error(s), 1 left on base; BlackIron 3 - Montgomery 11
TOP OF THE 9TH
BlackIron Dragons batting - Pitching for Montgomery Biscuits : RHP Jorge Villalobos
Pitching: RHP Jim Baker
Batting: RHB Doug O'Brien 0-0: DOUBLE (Flyball, 8LD)
Batting: RHB José Colón 0-0: 2-RUN HOME RUN (Line Drive, 7LD), Distance : 349 ft
Batting: RHB Boyd Pittman 0-0: Ball
1-0: Fly out, F8 (Flyball, 8RM)
Batting: LHB Manuel Cardenas 0-0: Ball
1-0: Called Strike
1-1: Fly out, F8 (Flyball, 8RM)
Batting: RHB Gil Palmer 0-0: Called Strike
0-1: Ball
1-1: SOLO HOME RUN (Flyball, 7D), Distance : 375 ft
Batting: LHB Culley Vaughan 0-0: Ball
1-0: Swinging Strike
1-1: Swinging Strike
1-2: Strikes out swinging
Top of the 9th over - 3 run(s), 3 hit(s), 0 error(s), 0 left on base; BlackIron 6 - Montgomery 11
Monday, December 5th, 2016 - OOTP Baseball 17.12 Build 75